 Dungeon Crawl Stone Soup version 0.27-a0-860-gaf99fae3ca (webtiles) character file.

Game seed: 15596099992934254756

228 rageheart7 the Skirmisher (level 6, -2/61 HPs)
             Began as a Naga Monk on Apr 1, 2021.
             Was a Believer of Yredelemnul.
             Slain by Sigmund
             ... wielding a +0 scythe
              (4 damage)
             ... on level 3 of the Dungeon.
             The game lasted 00:08:10 (4082 turns).

rageheart7 the Skirmisher (Naga Monk)               Turns: 4082, Time: 00:08:11

Health: -2/61      AC:  6    Str: 16    XL:     6   Next: 2%
Magic:  15/15      EV:  9    Int: 10    God:    Yredelemnul [**....]
Gold:   182        SH:  0    Dex: 13    Spells: 2/5 levels left

rFire    . . .     SeeInvis +   d - +0 trident
rCold    . . .     Faith    .   (no shield)
rNeg     . . .     Spirit   .   i - +0 ring mail
rPois    +         Reflect  .   e - +1 helmet
rElec    .         Harm     .   (no cloak)
rCorr    .         Rampage  .   (no gloves)
Will     .....                  (no barding)
Stlth    ++........             (no amulet)
HPRegen  0.20/turn              g - ring of magical power
MPRegen  0.14/turn              (no ring)

@: brilliant, about to teleport, short of breath, very slow
A: AC +2, large, see invisible, deformed body, poison resistance, slowness 2,
spit poison 1, naga tail 1
a: Spit Poison, Renounce Religion, Animate Remains, Recall Undead Slaves, Injury
Mirror


You were on level 3 of the Dungeon.
You worshipped Yredelemnul.
Yredelemnul was pleased with you.
You visited 1 branch of the dungeon, and saw 3 of its levels.

You collected 182 gold pieces.

Inventory:

Hand Weapons
 d - a +0 trident (weapon)
Armour
 b - a +0 robe
 e - a +1 helmet (worn)
 i - a +0 ring mail (worn)
 j - a +0 kite shield
Jewellery
 a - a ring of see invisible
 g - a ring of magical power (left hand)
 l - a ring of magical power
Scrolls
 c - 3 scrolls of identify
 h - a scroll of enchant armour {unknown}
 k - a scroll of immolation {unknown}
 n - a scroll of fear {unknown}
 o - a scroll of noise {unknown}


   Skills:
 * Level 5.0 Fighting
 * Level 5.0 Polearms
 - Level 2.4 Dodging
 - Level 3.0 Stealth


You had 2 spell levels left.
You knew the following spells:

 Your Spells              Type           Power      Damage    Failure   Level
a - Mephitic Cloud        Conj/Pois/Air  0%         N/A       91%         3

Your spell library contained the following spells:

 Spells                   Type           Power      Damage    Failure   Level
 Animate Skeleton         Necr           0%         N/A       58%         1
 Apportation              Tloc           0%         N/A       58%         1
 Corona                   Hex            0%         N/A       58%         1
 Magic Dart               Conj           0%         1d3       58%         1
 Summon Small Mammal      Summ           0%         N/A       58%         1
 Blink                    Tloc           N/A        N/A       73%         2
 Call Imp                 Summ           0%         N/A       73%         2
 Slow                     Hex            0%         N/A       73%         2
 Confusing Touch          Hex            0%         N/A       91%         3
 Conjure Flame            Conj/Fire      0%         6-21      91%         3
 Gell's Gravitas          Tloc           0%         N/A       91%         3
 Petrify                  Tmut/Erth      0%         N/A       100%        4
 Metabolic Englaciation   Hex/Ice        0%         N/A       100%        5
 Yara's Violent Unravell  Hex/Tmut       0%         3d3       100%        5


Dungeon Overview and Level Annotations

Branches:
Dungeon (3/15)

Altars:
Yredelemnul

Annotations:
D:2 1 runed translucent door, Crazy Yiuf
D:3 Sigmund


Innate Abilities, Weirdness & Mutations

Your serpentine skin is tough. (AC +2)
You have supernaturally acute eyesight. (SInv)
Armour fits poorly on your strangely shaped body.
Your system is resistant to poisons. (rPois)
You cover ground very slowly.
You can spit poison.
You have a snake-like lower body.


Message History

Something hits your kobold zombie!
Your kobold zombie is destroyed!
The orc barely misses you.
Press: ? - help, Shift-Dir - straight line, f - orc
Aim: an orc, wielding a +0 flail The splash of poison hits the orc.
The orc is lightly wounded.
You puncture the orc!
You kill the orc!
Yredelemnul accepts your kill.
You puncture the frilled lizard!
You kill the frilled lizard!
Yredelemnul accepts your kill.
You barely miss the orc priest.
The orc priest hits you with a +0 morningstar.
Sigmund barely misses you.
The orc priest calls down the wrath of Beogh upon you.
Pain shoots through your body!
You aren't carrying any potions.
Okay, then.
You have got your breath back.
The orc priest calls down the wrath of Beogh upon you.
Beogh smites you!
* * * LOW HITPOINT WARNING * * *
The orc priest mumbles some strange prayers to Beogh against you.
Beogh smites you!
* * * LOW HITPOINT WARNING * * *
Press: ? - help, Shift-Dir - straight line, f - orc priest
Aim: an orc priest, wielding a +0 morningstar and wearing a +0 leather armour The splash of poison hits the orc priest but does no damage.
The orc priest is poisoned.
Sigmund hits you from afar with a +0 scythe.
* * * LOW HITPOINT WARNING * * *
The orc priest closely misses you.
You aren't carrying any potions.
As you read the scroll labelled JACEMU OMNE, it crumbles to dust.
You feel strangely unstable.
It was a scroll of teleportation.
Sigmund hits you from afar with a +0 scythe.
You die...
Your body rises from the dead as a mindless zombie.

#.##### #..#.#
#ZZZ.Z####.#.#
#####.##...#.##########
##Z##...#..........#
#..##.....#........#
#####...._#........#
###### #.....#........#
#.o..# #..............#
#l##.#
#.....###@########.##.####
#.....# #o# #...#o##Zb.ol
##.#..# #@####.#.#.######o
...#..# #....).#.).#
#####..# ############ ..>#
####


You could see Sigmund (invisible) and an orc priest (poisoned).

Vanquished Creatures
  Jessica (D:3)
  Natasha (thrice) (D:2)
  Robin (D:2)
  5 adders (D:2)
  2 dart slugs
  An orc (D:3)
  3 bats
  3 endoplasms
  2 giant cockroaches
  13 goblins
  9 hobgoblins
  5 jackals (D:3)
  A quokka (D:2)
  4 ball pythons
  4 frilled lizards
  4 kobolds
  4 rats
65 creatures vanquished.

Vanquished Creatures (collateral kills)
  A bat (D:3)
1 creature vanquished.

Vanquished Creatures (others)
  2 jackal zombies (D:3)
  A kobold zombie (D:3)
  4 plants (D:1)
7 creatures vanquished.

Grand Total: 73 creatures vanquished

Notes
Turn   | Place    | Note
-------+----------+-------------------------------------------
     0 | D:1      | rageheart7 the Naga Monk began the quest for the Orb.
     0 | D:1      | Reached XP level 1. HP: 21/21 MP: 1/1
   344 | D:1      | Reached XP level 2. HP: 20/28 MP: 2/2
   851 | D:2      | Noticed Robin
  1149 | D:2      | Reached XP level 3. HP: 11/34 MP: 3/3
  1709 | D:2      | Reached XP level 4. HP: 32/44 MP: 4/4
  1857 | D:2      | Noticed Natasha
  1865 | D:2      | Gained mutation: You are clumsy. (Dex -2) [potion of
                  | mutation]
  1865 | D:2      | Lost mutation: You are clumsy. (Dex -2) [potion of
                  | mutation]
  1868 | D:2      | HP: 1/44 [adder (2)]
  2670 | D:2      | Killed Natasha
  2741 | D:2      | Reached XP level 5. HP: 6/51 MP: 5/5
  3035 | D:2      | Killed Robin
  3129 | D:2      | Noticed Natasha
  3146 | D:2      | Killed Natasha
  3149 | D:2      | Noticed Natasha
  3429 | D:2      | Killed Natasha
  3468 | D:2      | Found a runed translucent door.
  3469 | D:2      | Noticed Crazy Yiuf
  3510 | D:3      | Learned a level 3 spell: Mephitic Cloud
  3595 | D:3      | Found a basalt altar of Yredelemnul.
  3692 | D:3      | Noticed Jessica
  3707 | D:3      | Became a worshipper of Yredelemnul the Dark
  3707 | D:3      | Reached * piety under Yredelemnul
  3707 | D:3      | Reached ** piety under Yredelemnul
  3725 | D:3      | Killed Jessica
  3726 | D:3      | Reached skill level 5 in Fighting
  3726 | D:3      | Reached skill level 5 in Polearms
  3843 | D:3      | Found a faded altar of an unknown god.
  3894 | D:3      | Reached XP level 6. HP: 59/61 MP: 6/6
  4050 | D:3      | Noticed Sigmund
  4081 | D:3      | HP: 2/61 [Sigmund/+0 scythe (3)]
  4082 | D:3      | Slain by Sigmund

Illustrated notes

Levels and vault maps discovered:
D:1:      lightli_arrival_flooded_house, layout_rooms, serial_forest,
          infiniplex_forest_clump_double, infiniplex_forest_end_1,
          infiniplex_forest_clump_C, infiniplex_forest_straight_4,
          infiniplex_forest_straight_5, infiniplex_forest_end_2,
          infiniplex_forest_lined_room_2, infiniplex_forest_join,
          infiniplex_forest_clump_small, infiniplex_forest_clump_large
D:2:      layout_loops_ring, st_stairs_2, uniq_natasha, uniq_crazy_yiuf_cottage,
          uniq_robin
D:3:      layout_basic, amcnicky_altar_gilded, serial_rivers,
          chequers_serial_rivers_micro_c, chequers_serial_rivers_room_b,
          chequers_serial_rivers_micro_e, chequers_serial_rivers_micro_e,
          chequers_serial_rivers_micro_b, basic_ecumenical_altar,
          serial_park_tiny_pond, uniq_sigmund, uniq_jessica

Skill      XL: |  1  2  3  4  5 |
---------------+----------------+-----
Fighting       | 4 5 |  5.0
Polearms       | 4 5 |  5.0
Dodging        | |  2.4
Stealth        | |  3.0

Action                   |  1- 3 |  4- 6 || total
-------------------------+-------+-------++-------
Melee: Spear             |   124 |    32 ||   156
       Trident           |       |    98 ||    98
Invok: Animate Remains   |       |     3 ||     3
 Abil: Spit Poison       |     1 |    13 ||    14
  Use: Potion            |       |     4 ||     4
       Scroll            |       |     3 ||     3
 Stab: Sleeping          |     5 |     2 ||     7
Armor: Robe              |     6 |       ||     6
       Ring mail         |    16 |    31 ||    47
Dodge: Dodged            |    39 |    59 ||    98

Table legend: (Time is in decaauts)
 A = Elapsed time spent in this place.
 B = Non-inter-level travel time spent in this place.
 C = Inter-level travel time spent in this place.
 D = Time resting spent in this place.
 E = Time spent auto-exploring this place.
 F = Levels seen in this place.
 G = Mean time per level.
                   A        B        C        D        E       F      G
               +--------+--------+--------+--------+--------+-----+--------+
         Total |   4657 |   4541 |    116 |    190 |   3684 |   3 | 1552.3 |
       Dungeon |   4657 |   4541 |    116 |    190 |   3684 |   3 | 1552.3 |
               +--------+--------+--------+--------+--------+-----+--------+

Top non-repeatable levels by time:
     D:1: 2017 daAuts
     D:2: 1663 daAuts
     D:3: 976 daAuts
